 Dungeon Crawl Stone Soup version 0.31.0-9-g3a7656b989 (webtiles) character file.

Game seed: 6677623273935849497

240 qw the Skirmisher (level 5, -1/30 HPs)
             Began as a Deep Elf Hunter on Feb 2, 2024.
             Incinerated by a bombardier beetle (4 damage)
             ... with a burning spray
             ... on level 4 of the Dungeon.
             The game lasted 00:00:07 (2142 turns).

qw the Skirmisher (Deep Elf Hunter)                 Turns: 2142, Time: 00:00:08

Health: -1/30      AC:  5    Str: 10    XL:     5   Next: 80%
Magic:  7/7        EV: 11    Int: 14    God:
Gold:   189        SH:  0    Dex: 18    Spells: 4/4 levels left

rFire   . . .        a - +1 shortbow (heavy)
rCold   . . .        (shield currently unavailable)
rNeg    . . .        e - +0 ring mail
rPois   .            (no helmet)
rElec   .            (no cloak)
rCorr   .            (no gloves)
SInv    .            (no boots)
Will    .....        (no amulet)
Stlth   +            (no ring)
HPRegen 0.25/turn    (no ring)
MPRegen 0.10/turn

%: no passive effects
@: on fire, glowing
A: no striking features
a: no special abilities


You were on level 4 of the Dungeon.
You visited 1 branch of the dungeon, and saw 4 of its levels.

You collected 189 gold pieces.


   Skills:
 - Level 2.1 Fighting
 + Level 9.1 Ranged Weapons
 - Level 2.4 Dodging
 - Level 1.2 Stealth


You had 4 spell levels left.
You didn't know any spells.
Your spell library was empty.

Inventory:

Hand Weapons
 a - a +1 heavy shortbow (weapon)
Armour
 e - a +0 ring mail (worn)
Scrolls
 b - a scroll of immolation {unknown}
Potions
 c - a potion of attraction {unknown}
 d - 2 potions of curing
 f - a potion of magic {unknown}
 h - a potion of cancellation
 i - a potion of mutation

Dungeon Overview and Level Annotations

Branches:
Dungeon (4/15)
 Temple: D:4-7

Altars:


Message History

HP restored.
Found a stone staircase leading up.
Enter note:
Enter note:
c - a sedimented clear potion
f - a viscous pink potion A goblin comes into view.
It is wielding a +0 dagger.
Enter note: You shoot an arrow.
The arrow hits the goblin!
You kill the goblin!
A bombardier beetle comes into view.
The bombardier beetle moves out of view.
You shoot an arrow. The arrow hits the bombardier beetle.
The bombardier beetle is lightly wounded.
You shoot an arrow.
The arrow completely misses the bombardier beetle.
You shoot an arrow. The arrow hits the bombardier beetle!
The bombardier beetle is almost dead.
The bombardier beetle sprays incendiary fluid at you.
The burning spray hits you.
You are covered in liquid fire!
You shoot an arrow. The arrow hits the bombardier beetle!
You kill the bombardier beetle!
The liquid fire burns you!
Your Fighting skill increases to level 2!
You are on fire!
The liquid fire burns you!
You are on fire!
The liquid fire burns you!
You are on fire!
The liquid fire burns you!
You are on fire!
The liquid fire burns you!
You are on fire!
The liquid fire burns you!
You are on fire!
The liquid fire burns you!
You are on fire!
The liquid fire burns you!
You die...

..#.## #......#
############ ###.#
#......# ....... (...#
#......# ....... ..###
#......# ..%.... ..#
#......# ....... ..#####
#......# .......
......###......# .......
....#..........##.).....
.......######...@.......
###...## #######+####
###...# #.....####
###......## ###.......#
..........# .######...#
.######...#


There were no monsters in sight!

Vanquished Creatures
  A bombardier beetle (D:4)
  A sleepcap (D:4)
  2 iguanas (D:4)
  An orc wizard (D:4)
  3 adders
  A dart slug (D:1)
  A ribbon worm (D:3)
  7 orcs
  7 ball pythons
  7 endoplasms
  A giant cockroach (D:3)
  7 goblins
  8 hobgoblins
  2 jackals (D:3)
  4 kobolds
  2 quokkas (D:1)
  3 bats
  3 frilled lizards (D:3)
  3 rats
64 creatures vanquished.

Notes
Turn   | Place    | Note
-------+----------+-------------------------------------------
     0 | D:1      | qw the Deep Elf Hunter began the quest for the Orb.
     0 | D:1      | Reached XP level 1. HP: 12/12 MP: 3/3
     0 | D:1      | 0 ||| qw: Version: 0.3-a-155-g5e7d8dd
     0 | D:1      | 0 ||| qw: Game counter: 1009
     0 | D:1      | 0 ||| qw: Melee chars always use a shield: true
     0 | D:1      | 0 ||| qw: God list: Okawaru
     0 | D:1      | 0 ||| qw: Allow faded altars: false
     0 | D:1      | 0 ||| qw: Do Orc after clearing Dungeon:15 true
     0 | D:1      | 0 ||| qw: Do second Lair branch before Depths: true
     0 | D:1      | 0 ||| qw: Lair rune preference: random
     0 | D:1      | 0 ||| qw: Goals: Normal
     0 | D:1      | 0 ||| PLANNING D:1-11
   229 | D:1      | Reached skill level 6 in Ranged Weapons
   229 | D:1      | Reached XP level 2. HP: 15/16 MP: 4/4
   527 | D:1      | 527 ||| UPGRADING to +0 ring mail.
   537 | D:1      | 537 ||| DROPPING +0 leather armour.
   538 | D:1      | 538 ||| READING scroll labelled DARENLUEPP.
   539 | D:1      | 539 ||| READING scroll labelled ONURCH DAINAI.
   539 | D:1      | 539 ||| IDENTIFYING blue potion
   540 | D:1      | 540 ||| READING scroll labelled CISEOK KAYPO.
   541 | D:1      | 541 ||| DROPPING scroll of butterflies.
   567 | D:2      | Reached XP level 3. HP: 20/20 MP: 5/5
   677 | D:2      | Reached skill level 7 in Ranged Weapons
  1159 | D:2      | 1159 ||| READING 2 scrolls of identify.
  1159 | D:2      | 1159 ||| IDENTIFYING ruby potion
  1160 | D:2      | 1160 ||| READING scroll of identify.
  1160 | D:2      | 1160 ||| IDENTIFYING pink potion
  1161 | D:2      | 1161 ||| READING scroll labelled ECUSERUPIF.
  1161 | D:2      | 1161 ||| BRANDING +0 shortbow.
  1162 | D:2      | 1162 ||| READING scroll labelled YTHRATT NOAROU.
  1163 | D:2      | 1163 ||| READING scroll labelled WIUNIS TIDO.
  1163 | D:2      | 1163 ||| ENCHANTING +0 heavy shortbow.
  1164 | D:2      | 1164 ||| READING scroll labelled DUYTIF YSIRGHEJ.
  1364 | D:3      | Reached XP level 4. HP: 25/25 MP: 6/6
  1792 | D:3      | Found a faded altar of an unknown god.
  1863 | D:3      | 1863 ||| READING scroll of identify.
  1863 | D:3      | 1863 ||| IDENTIFYING lumpy green potion
  1864 | D:3      | 1864 ||| READING scroll labelled HIERAT SINILLIT.
  1965 | D:4      | Reached skill level 8 in Ranged Weapons
  1997 | D:4      | Reached XP level 5. HP: 29/29 MP: 7/7
  2035 | D:4      | HP: 6/29 [iguana (2)]
  2036 | D:4      | 2036 ||| DRINKING potion of heal wounds.
  2040 | D:4      | Reached skill level 9 in Ranged Weapons
  2140 | D:4      | HP: 4/30 [burnt (4)]
  2142 | D:4      | Incinerated by a bombardier beetle

Levels and vault maps discovered:
D:1:      dpeg_arrival_pits, layout_loops_ring
D:2:      layout_loops_ring, grunt_ministairs_11
D:3:      layout_basic, shapermc_ecumenical_altar_mp_vishouse
D:4:      kennysheep_big_flooded_room, layout_basic, hangedman_decor_growths,
          uniq_blork_the_orc

Skill      XL: |  1  2  3  4  5 |
---------------+----------------+-----
Ranged Weapons | 6 7 8 9 |  9.1
Fighting       | 2 |  2.1
Dodging        | |  2.4
Stealth        | |  1.2

Action                     |  1- 3 |  4- 6 || total
---------------------------+-------+-------++-------
   Fire: Shortbow          |    89 |    59 ||   148
    Use: Scroll            |     9 |     2 ||    11
         Potion            |       |     1 ||     1
 Armour: Leather armour    |     7 |       ||     7
         Ring mail         |     3 |    10 ||    13
  Dodge: Dodged            |     9 |     9 ||    18

Table legend:
 A = Non-vault XP
 B = Vault XP
 C = Vault XP percentage of total XP
 D = Non-vault monster count
 E = Vault monster count
 F = Vault count percentage of total count
                 A         B        C        D         E       F
            +---------+---------+-------+---------+---------+-------
      Total |     337 |       7 |   2.0 |      60 |       4 |   6.2
            +---------+---------+-------+---------+---------+-------
        D:1 |      34 |       0 |   0.0 |      17 |       0 |   0.0
        D:2 |      47 |       3 |   6.0 |      13 |       2 |  13.3
        D:3 |      49 |       0 |   0.0 |      18 |       0 |   0.0
        D:4 |     207 |       4 |   1.9 |      12 |       2 |  14.3
            +---------+---------+-------+---------+---------+-------
